| TOP OF THE 1ST |
|
University of Georgia Bulldogs batting - Pitching for Oregon State University Beavers : RHP Takao Yamada
|
|
Pitching: RHP Takao Yamada
|
|
|
Batting: RHB Nate McCormick
|
0-0: Called Strike 0-1: Ball 1-1: Foul Ball, location: 2F 1-2: Foul Ball, location: 2F 1-2: Strikes out swinging
|
|
Batting: LHB Casey Bass
|
0-0: Ground out 5-3 (Groundball, 56, EV 103.8 MPH)
|
|
Batting: RHB Charlie Davison
|
0-0: Swinging Strike 0-1: Ball 1-1: Foul Ball, location: 2F 1-2: Ball 2-2: Strikes out swinging
|
| Top of the 1st over - 0 runs, 0 hits, 0 errors, 0 left on base; University of Georgia 0 - Oregon State University 0 |
| BOTTOM OF THE 1ST |
|
Oregon State University Beavers batting - Pitching for University of Georgia Bulldogs : RHP Justin Cain
|
|
Pitching: RHP Justin Cain
|
|
|
Batting: LHB Sun-wei Kuai
|
0-0: Called Strike 0-1: Called Strike 0-2: Reached on error, E4 (Groundball, 4, EV 90.0 MPH)
|
|
Batting: RHB Yasuyuki Moriyama
|
0-0: Called Strike 0-1: Ball 1-1: Ball 2-1: Ball 3-1: Foul Ball, location: 2F 3-2: Fly out, F8 (Flyball, 8RD, EV 95.0 MPH)
|
|
Batting: RHB Luis Flores
|
0-0: Ball 1-0: Ball Sun-wei Kuai is caught stealing 2nd base 2-4 2-0: Called Strike 2-1: DOUBLE (Line Drive, 7LS, EV 105.6 MPH)
|
|
Batting: RHB Steve Webb
|
0-0: Called Strike 0-1: Ball 1-1: Called Strike 1-2: Strikes out swinging
|
| Bottom of the 1st over - 0 runs, 1 hit, 1 error, 1 left on base; University of Georgia 0 - Oregon State University 0 |
| TOP OF THE 2ND |
|
University of Georgia Bulldogs batting - Pitching for Oregon State University Beavers : RHP Takao Yamada
|
|
Batting: RHB Murilo Cunha
|
0-0: Ball 1-0: Called Strike 1-1: Ball 2-1: Foul Ball, location: 2F 2-2: Strikes out looking
|
|
Batting: LHB Dennis Klein
|
0-0: Foul Ball, location: 2F 0-1: Foul Ball, location: 2F 0-2: Ball 1-2: Ball 2-2: Ball 3-2: Ground out 5-3 (Groundball, 56, EV 100.6 MPH)
|
|
Batting: RHB Rodolfo Solis
|
0-0: Ground out 6-3 (Groundball, 6, EV 101.9 MPH)
|
| Top of the 2nd over - 0 runs, 0 hits, 0 errors, 0 left on base; University of Georgia 0 - Oregon State University 0 |
| BOTTOM OF THE 2ND |
|
Oregon State University Beavers batting - Pitching for University of Georgia Bulldogs : RHP Justin Cain
|
|
Batting: RHB Willie Lopez
|
0-0: Called Strike 0-1: Ball 1-1: Ball 2-1: Fly out, F7 (Flyball, 7, EV 85.6 MPH)
|
|
Batting: RHB Oscar Munoz
|
0-0: Called Strike 0-1: Called Strike 0-2: Ball 1-2: Foul Ball, location: 2F 1-2: Ball 2-2: Ball 3-2: Base on Balls
|
|
Batting: LHB Jon Hamilton
|
0-0: Called Strike 0-1: Swinging Strike 0-2: Ball 1-2: Ball 2-2: Fly out, F4 (Line Drive, 4, EV 73.8 MPH)
|
|
Batting: SHB Sosaia Apelahama
|
0-0: Called Strike 0-1: Ball 1-1: Foul Ball, location: 2F 1-2: Strikes out swinging
|
| Bottom of the 2nd over - 0 runs, 0 hits, 0 errors, 1 left on base; University of Georgia 0 - Oregon State University 0 |
| TOP OF THE 3RD |
|
University of Georgia Bulldogs batting - Pitching for Oregon State University Beavers : RHP Takao Yamada
|
|
Batting: LHB Sloan Rayner
|
0-0: Ball 1-0: SINGLE (Groundball, 34D, EV 95.6 MPH)
|
|
Batting: RHB Rich Gold
|
0-0: Ball 1-0: Swinging Strike Sloan Rayner is caught stealing 2nd base 2-4 1-1: Ground out U3 (Groundball, 34S, EV 83.1 MPH)
|
|
Batting: RHB James Warby
|
0-0: Called Strike 0-1: Swinging Strike 0-2: Foul Ball, location: 2F 0-2: Ball 1-2: Strikes out swinging
|
| Top of the 3rd over - 0 runs, 1 hit, 0 errors, 0 left on base; University of Georgia 0 - Oregon State University 0 |
| BOTTOM OF THE 3RD |
|
Oregon State University Beavers batting - Pitching for University of Georgia Bulldogs : RHP Justin Cain
|
|
Batting: RHB Kali Kartosuwiryo
|
0-0: Ball 1-0: Swinging Strike 1-1: Ball 2-1: Swinging Strike 2-2: Foul Ball, location: 2F 2-2: Ball 3-2: Strikes out looking
|
|
Batting: LHB Sun-wei Kuai
|
0-0: Ball 1-0: Ball 2-0: Ball 3-0: Base on Balls
|
|
Batting: RHB Yasuyuki Moriyama
|
0-0: Called Strike 0-1: Ball 1-1: Ball Sun-wei Kuai is caught stealing 2nd base 2-4 2-1: Foul Ball, location: 2F 2-2: Fly out, F9 (Flyball, 9, EV 95.0 MPH)
|
| Bottom of the 3rd over - 0 runs, 0 hits, 0 errors, 0 left on base; University of Georgia 0 - Oregon State University 0 |
| TOP OF THE 4TH |
|
University of Georgia Bulldogs batting - Pitching for Oregon State University Beavers : RHP Takao Yamada
|
|
Batting: RHB Nate McCormick
|
0-0: Fly out, F7 (Flyball, 7, EV 91.9 MPH)
|
|
Batting: LHB Casey Bass
|
0-0: Called Strike 0-1: Ground out 6-3 (Groundball, 56, EV 81.2 MPH)
|
|
Batting: RHB Charlie Davison
|
0-0: Called Strike 0-1: Ball 1-1: Foul Ball, location: 2F 1-2: Strikes out swinging, 2-3 out at first.
|
| Top of the 4th over - 0 runs, 0 hits, 0 errors, 0 left on base; University of Georgia 0 - Oregon State University 0 |
| BOTTOM OF THE 4TH |
|
Oregon State University Beavers batting - Pitching for University of Georgia Bulldogs : RHP Justin Cain
|
|
Batting: RHB Luis Flores
|
0-0: Ball 1-0: Fly out, F9 (Flyball, 89S, EV 85.0 MPH)
|
|
Batting: RHB Steve Webb
|
0-0: Called Strike 0-1: Foul Ball, location: 2F 0-2: Foul Ball, location: 2F 0-2: Strikes out swinging
|
|
Batting: RHB Willie Lopez
|
0-0: Ball 1-0: Ball 2-0: Foul Ball, location: 2F 2-1: Ball 3-1: Ground out 5-3 (Groundball, 56, EV 83.8 MPH)
|
| Bottom of the 4th over - 0 runs, 0 hits, 0 errors, 0 left on base; University of Georgia 0 - Oregon State University 0 |
| TOP OF THE 5TH |
|
University of Georgia Bulldogs batting - Pitching for Oregon State University Beavers : RHP Takao Yamada
|
|
Batting: RHB Murilo Cunha
|
0-0: Ball 1-0: Ball 2-0: SINGLE (Line Drive, 8LS, EV 102.5 MPH)
|
|
Batting: LHB Dennis Klein
|
0-0: Called Strike Murilo Cunha steals 2nd base 0-1: Fly out, F8 (Flyball, 8LXD, EV 91.9 MPH) Runner from 2nd tags up, SAFE at 3rd, no throw by CF
|
|
Batting: RHB Rodolfo Solis
|
0-0: Ball 1-0: Called Strike 1-1: Called Strike 1-2: SINGLE (Groundball, 6MD, EV 108.1 MPH) Murilo Cunha scores
|
|
Batting: LHB Sloan Rayner
|
0-0: Foul Ball, location: 2F 0-1: Ball 1-1: Fielders Choice at 2nd, 4-6 (Groundball, 34, EV 100.0 MPH)
|
|
Batting: RHB Rich Gold
|
0-0: SINGLE (Groundball, 13, EV 76.9 MPH) (infield hit) Sloan Rayner to second
|
|
Batting: RHB James Warby
|
0-0: Ball 1-0: Fielders Choice at 2nd, 5-4 (Groundball, 56, EV 90.0 MPH)
|
| Top of the 5th over - 1 run, 3 hits, 0 errors, 2 left on base; University of Georgia 1 - Oregon State University 0 |
| BOTTOM OF THE 5TH |
|
Oregon State University Beavers batting - Pitching for University of Georgia Bulldogs : RHP Justin Cain
|
|
Batting: RHB Oscar Munoz
|
0-0: Called Strike 0-1: Foul Ball, location: 2F 0-2: Ball 1-2: Ball 2-2: SINGLE (Line Drive, 89S, EV 103.1 MPH)
|
|
Batting: LHB Jon Hamilton
|
0-0: Swinging Strike 0-1: Ball 1-1: Swinging Strike 1-2: Strikes out swinging
|
|
Batting: SHB Sosaia Apelahama
|
0-0: Ground out 6-3 (Groundball, 6S, EV 70.0 MPH) Oscar Munoz to second
|
|
Batting: RHB Kali Kartosuwiryo
|
0-0: Swinging Strike 0-1: Ball 1-1: Ball 2-1: Swinging Strike 2-2: Strikes out swinging
|
| Bottom of the 5th over - 0 runs, 1 hit, 0 errors, 1 left on base; University of Georgia 1 - Oregon State University 0 |
| TOP OF THE 6TH |
|
University of Georgia Bulldogs batting - Pitching for Oregon State University Beavers : RHP Takao Yamada
|
|
Batting: RHB Nate McCormick
|
0-0: Ball 1-0: SINGLE (Line Drive, 89M, EV 102.5 MPH)
|
|
Batting: LHB Casey Bass
|
0-0: Called Strike 0-1: Foul Ball, location: 2F 0-2: Ball 1-2: Ball Nate McCormick is caught stealing 2nd base 2-6 2-2: Ball 3-2: Ground out 4-3 (Groundball, 34, EV 82.5 MPH)
|
|
Batting: RHB Charlie Davison
|
0-0: Ball 1-0: Ball 2-0: Ground out 6-3 (Groundball, 6, EV 84.4 MPH)
|
| Top of the 6th over - 0 runs, 1 hit, 0 errors, 0 left on base; University of Georgia 1 - Oregon State University 0 |
| BOTTOM OF THE 6TH |
|
Oregon State University Beavers batting - Pitching for University of Georgia Bulldogs : RHP Justin Cain
|
|
Pitching: RHP Pacu Panic
|
|
|
Batting: LHB Sun-wei Kuai
|
0-0: Ball 1-0: Swinging Strike 1-1: Ground out 1-3 (Groundball, 23, EV 66.9 MPH)
|
|
Batting: RHB Yasuyuki Moriyama
|
0-0: Fly out, F8 (Flyball, 89D, EV 73.1 MPH)
|
|
Batting: RHB Luis Flores
|
0-0: Ball 1-0: Foul Ball, location: 2F 1-1: Fly out, F7 (Flyball, 7LM, EV 83.8 MPH)
|
| Bottom of the 6th over - 0 runs, 0 hits, 0 errors, 0 left on base; University of Georgia 1 - Oregon State University 0 |
| TOP OF THE 7TH |
|
University of Georgia Bulldogs batting - Pitching for Oregon State University Beavers : RHP Takao Yamada
|
|
Batting: RHB Murilo Cunha
|
0-0: Swinging Strike 0-1: Foul Ball, location: 2F 0-2: Fly out, F7 (Line Drive, 7, EV 89.4 MPH)
|
|
Batting: LHB Dennis Klein
|
0-0: Foul Ball, location: 2F 0-1: SINGLE (Groundball, 34D, EV 95.6 MPH)
|
|
Batting: RHB Rodolfo Solis
|
0-0: Ball Dennis Klein is caught stealing 2nd base 2-4 1-0: Called Strike 1-1: Ground out 4-3 (Groundball, 4, EV 105.6 MPH)
|
| Top of the 7th over - 0 runs, 1 hit, 0 errors, 0 left on base; University of Georgia 1 - Oregon State University 0 |
| BOTTOM OF THE 7TH |
|
Oregon State University Beavers batting - Pitching for University of Georgia Bulldogs : RHP Pacu Panic
|
|
Batting: RHB Steve Webb
|
0-0: Ball 1-0: Ball 2-0: Called Strike 2-1: Ground out 6-3 (Groundball, 6, EV 112.5 MPH)
|
|
Batting: RHB Willie Lopez
|
0-0: Ball 1-0: Called Strike 1-1: Ball 2-1: Ball 3-1: Base on Balls
|
|
Batting: RHB Oscar Munoz
|
0-0: Foul Ball, location: 2F 0-1: Foul Ball, location: 2F 0-2: Hit by Pitch Willie Lopez to second
|
|
Batting: LHB Jon Hamilton
|
0-0: Ball 1-0: Called Strike 1-1: Called Strike 1-2: Ball 2-2: Foul Ball, location: 2F 2-2: Strikes out looking
|
|
Batting: SHB Sosaia Apelahama
|
0-0: Ball 1-0: SINGLE (Groundball, 5S, EV 72.5 MPH) (infield hit) Willie Lopez to third Oscar Munoz to second
|
|
Batting: RHB Kali Kartosuwiryo
|
0-0: Called Strike 0-1: DOUBLE (Groundball, 5L, EV 102.5 MPH) Willie Lopez scores Oscar Munoz scores Sosaia Apelahama to third Runner from 3rd tries for Home, SAFE, throw by LF to home
|
|
Pitching: LHP Aloiki Orana
|
|
|
Batting: LHB Sun-wei Kuai
|
0-0: Called Strike 0-1: Foul Ball, location: 2F 0-2: Strikes out looking
|
| Bottom of the 7th over - 3 runs, 2 hits, 0 errors, 1 left on base; University of Georgia 1 - Oregon State University 3 |
| TOP OF THE 8TH |
|
University of Georgia Bulldogs batting - Pitching for Oregon State University Beavers : RHP Takao Yamada
|
|
Batting: LHB Sloan Rayner
|
0-0: Ground out 2-3 (Groundball, 2L, EV 62.5 MPH)
|
|
Pitching: RHP Sun-dong Pak
|
|
|
Batting: LHB Luis Mejia
|
0-0: Swinging Strike 0-1: Swinging Strike 0-2: Strikes out swinging
|
|
Batting: RHB James Warby
|
0-0: Foul Ball, location: 2F 0-1: Ball 1-1: Foul Ball, location: 2F 1-2: Ball 2-2: Ground out 6-3 (Groundball, 6, EV 86.2 MPH)
|
| Top of the 8th over - 0 runs, 0 hits, 0 errors, 0 left on base; University of Georgia 1 - Oregon State University 3 |
| BOTTOM OF THE 8TH |
|
Oregon State University Beavers batting - Pitching for University of Georgia Bulldogs : LHP Aloiki Orana
|
|
Pitching: RHP Jesse Moritz
|
|
|
Batting: RHB Yasuyuki Moriyama
|
0-0: Called Strike 0-1: Foul Ball, location: 2F 0-2: Foul Ball, location: 2F 0-2: Foul Ball, location: 2F 0-2: Ball 1-2: Foul Ball, location: 2F 1-2: Ball 2-2: Foul Ball, location: 2F 2-2: Ball 3-2: Foul Ball, location: 2F 3-2: Foul Ball, location: 2F 3-2: Foul Ball, location: 2F 3-2: Foul Ball, location: 2F 3-2: Ground out 6-3 (Groundball, 56, EV 85.0 MPH)
|
|
Batting: RHB Luis Flores
|
0-0: Ball 1-0: Ball 2-0: Ball 3-0: Base on Balls
|
|
Batting: RHB Steve Webb
|
0-0: Called Strike 0-1: Ball 1-1: Ball 2-1: Called Strike 2-2: Foul Ball, location: 2F 2-2: DOUBLE (Line Drive, 89D, EV 112.5 MPH) Luis Flores to third
|
|
Batting: RHB Willie Lopez
|
0-0: 3-RUN HOME RUN (Flyball, 9D, EV 102.5 MPH), Distance : 377 ft
|
|
Batting: RHB Oscar Munoz
|
0-0: Ball 1-0: Foul Ball, location: 2F 1-1: Ball 2-1: Foul Ball, location: 2F 2-2: Foul Ball, location: 2F 2-2: Ball 3-2: Base on Balls
|
|
Batting: LHB Jon Hamilton
|
0-0: Called Strike 0-1: Foul Ball, location: 2F 0-2: Ball 1-2: Foul Ball, location: 2F 1-2: Foul Ball, location: 2F 1-2: Foul Ball, location: 2F 1-2: Foul Ball, location: 2F 1-2: Foul Ball, location: 2F 1-2: Strikes out swinging
|
|
Batting: SHB Sosaia Apelahama
|
0-0: Ball 1-0: Ball 2-0: Called Strike 2-1: Foul Ball, location: 2F 2-2: Strikes out swinging
|
| Bottom of the 8th over - 3 runs, 2 hits, 0 errors, 1 left on base; University of Georgia 1 - Oregon State University 6 |
| TOP OF THE 9TH |
|
University of Georgia Bulldogs batting - Pitching for Oregon State University Beavers : RHP Sun-dong Pak
|
|
Batting: RHB Nate McCormick
|
0-0: Called Strike 0-1: Foul Ball, location: 2F 0-2: Ball 1-2: Ball 2-2: Foul Ball, location: 2F 2-2: Foul Ball, location: 2F 2-2: Ground out 4-3 (Groundball, 4, EV 86.2 MPH)
|
|
Batting: LHB Casey Bass
|
0-0: Foul Ball, location: 2F 0-1: Ball 1-1: Ball 2-1: Swinging Strike 2-2: Strikes out swinging
|
|
Batting: RHB Charlie Davison
|
0-0: Called Strike 0-1: Ball 1-1: Swinging Strike 1-2: Foul Ball, location: 2F 1-2: Ball 2-2: Strikes out swinging
|
| Top of the 9th over - 0 runs, 0 hits, 0 errors, 0 left on base; University of Georgia 1 - Oregon State University 6 |
|